AoeStats
← Zamba

Nomad

504129548Analyzed
4v4 RM · 29d ago on Sep 4, 2026· 41m 54s· 8 players
Game mode
Random Map
Map size
231×231
Population
200
Speed
Normal
Resources
Standard
Victory
Conquest
Starting age
Dark Age
Ending age
Imperial Age
RankedLock teamsTeams togetherTeam positionsShared explorationLock speedFull tech treeHidden civsTurbo modeCheats
Victory
Defeat
🇨🇱 Sicilians · Chile
1088
+14
🇦🇷 Britons · Argentina
1059
+16
🇦🇷 Inca · Argentina
1020
+18
🇦🇷 Cumans · Argentina
981
+20
🇺🇸 Magyars · United States
1057
-17
🇨🇳 Franks · China
1056
-17
🇺🇸 Persians · United States
1053
-17
🇦🇷 Hindustanis · Argentina
1053
-17
Zamba
6:34 Loom
13:39 Feudal Age
18:33 Castle Age
19:06 Fletching
20:32 Crossbowman
25:20 Bodkin Arrow
27:34 Wheelbarrow
28:54 Padded Archer Armor
32:00 Town Watch
32:31 Hand Cart
37:51 Ballistics
38:53 Elite Skirmisher
42:44 Imperial Age
44:12 Imperial Age
VZ | Thyrfing
8:06 Loom
17:19 Feudal Age
21:31 Double-Bit Axe
27:33 Castle Age
25:43 Fishing Lines
27:20 Gold Mining
28:00 Forging
29:39 Medium Warships
29:53 Medium Warships
32:29 Gillnets
33:39 Gold Shaft Mining
33:48 Scale Mail Armor
35:15 Pikeman
38:34 Chain Mail Armor
38:57 Iron Casting
39:57 Wheelbarrow
39:34 Stone Mining
42:03 Stone Shaft Mining
41:37 Horse Collar
CasquetE
11:44 Loom
14:32 Feudal Age
15:25 Double-Bit Axe
19:28 Town Watch
25:38 Castle Age
24:55 Wheelbarrow
25:21 Scale Mail Armor
27:17 Scale Barding Armor
28:36 Forging
29:11 Bloodlines
29:50 Bow Saw
29:21 Horse Collar
31:30 Pikeman
32:47 Elite Skirmisher
36:58 Iron Casting
36:16 Fletching
38:37 Thumb Ring
39:49 Padded Archer Armor
41:48 Ballistics
Cuervo
11:41 Loom
14:23 Feudal Age
16:53 Double-Bit Axe
20:00 Castle Age
19:23 Horse Collar
24:15 Pikeman
31:52 Wheelbarrow
37:46 Elite Skirmisher
40:37 Thumb Ring
40:29 Fletching
Joker
12:12 Loom
16:52 Feudal Age
20:09 Castle Age
19:30 Wheelbarrow
19:07 Fishing Lines
21:05 Forging
21:05 Husbandry
23:21 Scale Barding Armor
24:08 Fletching
25:46 Stone Mining
27:04 Medium Warships
28:49 Town Watch
29:29 Gold Mining
31:46 Double-Bit Axe
31:25 Demolition Ship
34:31 Bodkin Arrow
35:31 Padded Archer Armor
38:06 #83
38:26 Hand Cart
42:54 Imperial Age
Christ is Lord † |Acts 16:31
15:42 Feudal Age
15:53 Loom
17:45 Forging
22:11 Castle Age
21:40 Double-Bit Axe
ChewedGizmo
18:04 Feudal Age
18:40 Fishing Lines
23:32 Castle Age
21:21 Double-Bit Axe
24:30 Scale Mail Armor
24:59 Bloodlines
24:50 Husbandry
27:17 Thumb Ring
28:46 Corvinian Army
29:06 Scale Barding Armor
30:09 Ballistics
Meta meta
15:12 Feudal Age
15:56 Double-Bit Axe
17:31 Fletching
18:59 Horse Collar
19:08 Fishing Lines
19:45 Loom
23:42 Castle Age
23:07 Padded Archer Armor
23:46 Elite Skirmisher
27:03 Stone Mining
28:28 Thumb Ring
28:34 Bodkin Arrow
Connection lost

Rejoining the realm…

Still unreachable

The connection could not be restored.

Session expired

The server has moved on; the page needs a fresh start.